 Dungeon Crawl Stone Soup version 0.28.0 (webtiles) character file.

Game seed: 14294514995632568950

50 Strat the Vexing (level 3, -9/22 HPs)
             Began as a Gargoyle Arcane Marksman on Feb 6, 2022.
             Killed by divine providence
             ... invoked by an orc priest
              (16 damage)
             ... on level 4 of the Dungeon.
             The game lasted 00:05:59 (4287 turns).

Strat the Vexing (Gargoyle Arcane Marksman)         Turns: 4287, Time: 00:06:01

Health: -9/22      AC: 13    Str: 15    XL:     3   Next: 79%
Magic:  4/4        EV:  9    Int: 13    God:
Gold:   137        SH:  0    Dex: 10    Spells: 3/4 levels left

rFire   . . .      SeeInvis .   a - +0 mace
rCold   . . .      Faith    .   (no shield)
rNeg    + . .      Spirit   .   s - +0 scale mail
rPois   ∞          Reflect  .   n - +0 helmet
rElec   +          Harm     .   f - +1 cloak
rCorr   .          Rampage  .   q - +0 pair of gloves
Will    .....                   (no boots)
Stlth   ..........              (no amulet)
HPRegen 0.07/turn               k - ring of wizardry
MPRegen 0.09/turn               (no ring)

@: no status effects
A: sickness immunity, AC +3, negative energy resistance 1, electricity
resistance, torment resistance 1, petrification resistance
a: no special abilities


You were on level 4 of the Dungeon.
You visited 1 branch of the dungeon, and saw 4 of its levels.

You collected 137 gold pieces.

Inventory:

Hand Weapons
 a - a +0 mace (weapon)
 d - a +0 whip
Missiles
 b - 8 javelins
 c - 2 throwing nets
 e - 73 stones (quivered)
Armour
 f - a +1 cloak (worn)
 n - a +0 helmet (worn)
 q - a +0 pair of gloves (worn)
 s - a +0 scale mail (worn)
Jewellery
 k - a ring of wizardry (left hand)
Scrolls
 g - a scroll of blinking {unknown}
 i - 5 scrolls of identify
 j - a scroll of fog
Potions
 m - a potion of curing
 p - a potion of might {unknown}


   Skills:
 + Level 2.6 Fighting
 * Level 2.3 Maces & Flails
 - Level 1.7 Throwing
 - Level 1.5 Dodging
 - Level 1.0 Spellcasting
 - Level 2.6 Hexes


You had 3 spell levels left.
You knew the following spells:

 Your Spells              Type           Power      Damage    Failure   Level
a - Slow                  Hex            28%        N/A       16%         1

Your spell library contained the following spells:

 Spells                   Type           Power      Damage    Failure   Level
 Inner Flame              Hex/Fire       4%         N/A       58%         3
 Portal Projectile        Hex/Tloc       8%         N/A       58%         3
 Gell's Gravitas          Tloc           0%         N/A       77%         3
 Teleport Other           Tloc           0%         N/A       77%         3
 Cause Fear               Hex            3%         N/A       80%         4
 Dispersal                Tloc           0%         N/A       100%        6


Dungeon Overview and Level Annotations

Branches:
Dungeon (4/15)
 Temple: D:4-7

Altars:
Cheibriados
Makhleb
Qazlal
Wu Jian

Shops:
D:2 *   D:3 :

Annotations:
D:4 Grinder


Innate Abilities, Weirdness & Mutations

You are immune to sickness and miasma.
Your stone body is resilient. (AC +3)
You are immune to poison.
You resist negative energy. (rN+)
You are resistant to electric shocks. (rElec)
You are resistant to unholy torment.
You are immune to petrification.


Message History

You kill the endoplasm!
No target in view!
You now have 137 gold pieces (gained 12).
b - 8 javelins (gained 4)
g - a scroll labelled ZAGEOD BUOCY
Found an ornate altar of the Wu Jian Council.
There is an open gate here.
There is an open gate here.
An orc priest comes into view. It is wielding a +0 flail.
The orc priest shouts!
You hear a shout! x3
You start waiting.
An orc priest is nearby!
The orc priest hits you but does no damage.
You barely miss the orc priest.
The orc priest hits you with a +0 flail.
You closely miss the orc priest.
The orc priest hits you but does no damage.
You completely miss the orc priest. The orc priest barely misses you.
The orc priest misses you.
You hit the orc priest.
The orc priest is moderately wounded.
The orc priest hits you but does no damage.
You closely miss the orc priest.
The orc priest is moderately wounded.
The orc priest hits you with a +0 flail.
* * * LOW HITPOINT WARNING * * *
An orc comes into view.
It is wielding a +2 flail of protection.
The orc shouts!
You hit the orc priest.
The orc priest is heavily wounded.
You hear a shout! x2
The orc priest hits you with a +0 flail!
* * * LOW HITPOINT WARNING * * *
You barely miss the orc priest.
The orc priest is heavily wounded.
The orc priest looks satisfied for a moment.
The orc priest mumbles some strange prayers to Beogh against you.
Beogh smites you!
Ouch! That really hurt!
You die... ## #.......# #.. #.P._.P.# #.# #.P...P.# #.# #.PPPPP.#

#.# #.......# #.#
###'''####
##.#######......## .
.........##......# .o.
##.#####........@#######..#
#.# #.........o...o....#
#)# #..#.#...########.##
#.# #..#.#####
#.#####..#.#########
##...................
.....................
#####################


You could see an orc priest and an orc.

Vanquished Creatures
  An adder (D:3)
  A worm (D:2)
  3 orcs (D:4)
  2 ball pythons
  3 endoplasms
  A giant cockroach (D:1)
  4 goblins (D:1)
  2 hobgoblins
  2 jackals (D:2)
  4 quokkas
  2 bats (D:1)
  A frilled lizard (D:1)
  4 kobolds
  2 rats (D:3)
32 creatures vanquished.

Notes
Turn   | Place    | Note
-------+----------+-------------------------------------------
     0 | D:1      | Strat the Gargoyle Arcane Marksman began the quest for the
                  | Orb.
     0 | D:1      | Reached XP level 1. HP: 12/12 MP: 2/2
   305 | D:1      | Found a faded altar of an unknown god.
   541 | D:1      | Reached XP level 2. HP: 5/17 MP: 3/3
  1036 | D:1      | Reached skill level 1 in Maces & Flails
  1907 | D:2      | Reached XP level 3. HP: 12/21 MP: 4/4
  2233 | D:2      | Found Zeodar Ruu's General Store.
  2578 | D:3      | Found a stormy altar of Qazlal.
  2609 | D:3      | Found Foelofao's Book Boutique.
  2692 | D:3      | Found a snail-covered altar of Cheibriados.
  3270 | D:3      | Found a burning altar of Makhleb.
  3399 | D:4      | Noticed Grinder
  3720 | D:4      | Paralysed by Grinder for 7 turns
  3728 | D:4      | Paralysed by Grinder for 2 turns
  4032 | D:4      | Noticed a phantom
  4257 | D:4      | Found an ornate altar of the Wu Jian Council.
  4287 | D:4      | Killed from afar by an orc priest

Illustrated notes

Levels and vault maps discovered:
D:1:      lemuel_arrival_behind_the_door_large, layout_loops_ring,
          hellmonk_ecumenical_altar_heavens_door
D:2:      layout_loops_ring, serial_shops, nicolae_square_shop
D:3:      layout_basic, mainiacjoe_overflow_surrounded_room,
          cheibriados_altar_1, demons_altar, serial_shops, shop_fountains,
          grunt_ministairs_6, roderic_nine_men_s_morris
D:4:      layout_loops_ring, general_overflow_altar,
          mainiacjoe_overflow_alcove_4, ebering_dispersal_statue_hall,
          uniq_grinder

Skill      XL: |  1  2  3 |
---------------+----------+-----
Fighting       | 2 |  2.6
Maces & Flails | 1 2 |  2.3
Throwing       | |  1.7
Dodging        | |  1.5
Spellcasting   | |  1.0
Hexes          | |  2.6

Action                   || total
-------------------------++-------
Melee: Whip              ||   102
       Unarmed           ||     9
       Punch             ||     2
       Mace              ||    33
Throw: Javelin           ||     8
       Stone             ||     6
  Use: Scroll            ||     5
       Potion            ||     1
Armor: Robe              ||    21
       Leather armour    ||    19
       Ring mail         ||    17
       Scale mail        ||     9
Dodge: Dodged            ||    90
